 Dungeon Crawl Stone Soup version 0.24-a0-251-g44e327e (webtiles) character file.

Game seed: 14179639283203534757

280 Borgoz the Cutter (level 6, -4/38 HPs)
             Began as a Kobold Gladiator on Apr 16, 2019.
             Killed from afar by an orc wizard (10 damage)
             ... with a magic dart
             ... on level 3 of the Dungeon.
             The game lasted 00:04:53 (2394 turns).

Borgoz the Cutter (Kobold Gladiator)                Turns: 2394, Time: 00:04:54

Health: -4/38      AC:  5    Str: 14    XL:     6   Next: 52%
Magic:  6/6        EV: 17    Int:  9    God:
Gold:   188        SH:  0    Dex: 14    Spells: 5/5 levels left

rFire    . . .     SeeInvis .   a - +0 rapier
rCold    . . .     Gourm    .   (shield restricted)
rNeg     . . .     Faith    .   b - +0 leather armour
rPois    .         Spirit   .   c - +0 helmet
rElec    .         Reflect  .   (no cloak)
rCorr    .         Harm     .   p - +0 pair of gloves
MR       .....     Rnd*Rage +   (no boots)
Stlth    ++........             (no amulet)
HPRegen  0.12/turn              (no ring)
MPRegen  0.10/turn              (no ring)

@: no status effects
A: small, berserk 1, carnivore, clumsy 1, sturdy frame 1
a: no special abilities


You were on level 3 of the Dungeon.
You were completely stuffed.

You visited 1 branch of the dungeon, and saw 3 of its levels.

You collected 188 gold pieces.

Inventory:

Hand Weapons
 a - a +0 rapier (weapon)
 m - a +2 dagger of speed
 n - a +0 dagger of flaming
Missiles
 d - 3 throwing nets (quivered)
Armour
 b - a +0 leather armour (worn)
 c - a +0 helmet (worn)
 p - a +0 pair of gloves (worn)
Scrolls
 e - 2 scrolls of remove curse {unknown}
 h - 2 scrolls of identify {unknown}
 i - a scroll of immolation {unknown}
Potions
 g - 2 potions of cancellation
Comestibles
 f - 4 rations
 k - 2 chunks of flesh


   Skills:
 + Level 3.7 Fighting
 + Level 5.3 Short Blades
 - Level 2.1 Throwing
 + Level 2.0 Armour
 + Level 4.9 Dodging
 + Level 3.4 Stealth


You had 5 spell levels left.
You didn't know any spells.
Your spell library was empty.

Dungeon Overview and Level Annotations

Branches:
Dungeon (3/15)

Altars:
Cheibriados
Dithmenos
Okawaru
Ru


Innate Abilities, Weirdness & Mutations

You are small and have problems with some larger weapons.
You are carnivorous and can eat meat at any time.
You tend to lose your temper in combat.
You are clumsy. (Dex -2)
Your movements are slightly less encumbered by armour. (ER -2)


Message History

The orc hits you with a +0 flail of protection.
* * * LOW HITPOINT WARNING * * *
The orc throws a tomahawk of returning.
The tomahawk of returning barely misses you.
You see here 2 tomahawks of returning.
You miss something. Something barely misses you.
You closely miss something. Something barely misses you.
You hit something.
The orc throws a tomahawk of returning.
The tomahawk of returning barely misses you.
The weapon returns to the orc!
Something hits you.
* * * LOW HITPOINT WARNING * * *
You miss something.
The orc throws a tomahawk of returning.
The tomahawk of returning hits you.
* * * LOW HITPOINT WARNING * * *
Something hits you but does no damage.
You miss something.
You hear some strange, mumbled words.
A magic dart appears from out of thin air!
The magic dart hits you!
You die...

..#.<...
.......... #.
#...## ####...##
#..
#...#####..#.(#
#.##).)...##.###.#
#....####....###.#
###..## ##.##.....
###...# #.....###.
#...#.# #......##.
#@###..#...###....
#{# #...### ####.
#....o# #..# #.
#...#### ...# ##
#.. ## #.. #. #


You could see an orc.

Vanquished Creatures
  2 orc priests
  3 orc wizards
  3 adders
  2 worms
  2 leopard geckos (D:3)
  6 orcs
  A ball python (D:2)
  2 giant cockroaches (D:2)
  13 goblins
  5 hobgoblins
  16 jackals
  12 bats
  4 frilled lizards
  14 kobolds
  7 rats
92 creatures vanquished.

Notes
Turn   | Place    | Note
-------+----------+-------------------------------------------
     0 | D:1      | Borgoz the Kobold Gladiator began the quest for the Orb.
     0 | D:1      | Reached XP level 1. HP: 12/12 MP: 1/1
   276 | D:1      | Reached XP level 2. HP: 13/18 MP: 2/2
   363 | D:1      | Reached skill level 1 in Stealth
   718 | D:1      | Reached XP level 3. HP: 15/22 MP: 3/3
  1225 | D:2      | Gained mutation: You tend to lose your temper in combat.
                  | [potion of mutation]
  1225 | D:2      | Gained mutation: You are clumsy. (Dex -2) [potion of
                  | mutation]
  1225 | D:2      | Gained mutation: Your movements are slightly less
                  | encumbered by armour. (ER -2) [potion of mutation]
  1241 | D:2      | Reached skill level 1 in Armour
  1241 | D:2      | Reached XP level 4. HP: 27/27 MP: 4/4
  1247 | D:2      | Reached XP level 5. HP: 32/32 MP: 5/5
  1424 | D:2      | Found an iron altar of Okawaru.
  1947 | D:3      | Reached skill level 5 in Short Blades
  2080 | D:3      | Reached XP level 6. HP: 18/37 MP: 6/6
  2143 | D:3      | Found a shadowy altar of Dithmenos.
  2225 | D:3      | Found a sacrificial altar of Ru.
  2225 | D:3      | Found a snail-covered altar of Cheibriados.
  2394 | D:3      | Killed from afar by an orc wizard

Levels and vault maps discovered:
D:1:      matt_arrival_diagonals, layout_basic
D:2:      minmay_recursive_quarters, layout_basic, lemuel_doored_altar,
          serial_bayou, serial_bayou_shore_b, serial_bayou_pond_c,
          serial_bayou_lagoon_a, serial_bayou_pond_d, minmay_octomino_c4
D:3:      layout_rooms, chequers_temple_overflow_statue_of_worship,
          chequers_ecumenical_altar_lobes

Skill      XL: |  1  2  3  4  5  6 |
---------------+-------------------+-----
Stealth        | 1 2 3 |  3.4
Dodging        | 4 |  4.9
Armour         | 1 2 |  2.0
Fighting       | 3 |  3.7
Short Blades   | 5 |  5.3
Throwing       | |  2.1

Action                   |  1- 3 |  4- 6 || total
-------------------------+-------+-------++-------
Melee: Rapier            |   142 |   201 ||   343
  Use: Potion            |     5 |     4 ||     9
 Stab: Sleeping          |     2 |     1 ||     3
  Eat: Chunk             |    10 |     4 ||    14
Armor: Leather armour    |    56 |    40 ||    96
Dodge: Dodged            |   184 |   223 ||   407

Table legend:
 A = Non-vault XP
 B = Vault XP
 C = Vault XP percentage of total XP
 D = Non-vault monster count
 E = Vault monster count
 F = Vault count percentage of total count
                 A         B        C        D         E       F
            +---------+---------+-------+---------+---------+-------
      Total |     375 |      25 |   6.2 |      77 |      15 |  16.3
            +---------+---------+-------+---------+---------+-------
        D:1 |      29 |       0 |   0.0 |      19 |       0 |   0.0
        D:2 |     140 |      25 |  15.2 |      29 |      15 |  34.1
        D:3 |     206 |       0 |   0.0 |      29 |       0 |   0.0
            +---------+---------+-------+---------+---------+-------
